 Dungeon Crawl Stone Soup version 0.29.0 (webtiles) character file.

Game seed: 11391134200607458392

69 malesh the Chiller (level 4, 0/24 (30) HPs)
             Began as a Merfolk Ice Elementalist on Sept 1, 2022.
             Slain by Jessica
             ... wielding a +2 dagger of draining
              (2 damage)
             ... on level 2 of the Dungeon.
             The game lasted 00:08:07 (3003 turns).

malesh the Chiller (Merfolk Ice Elementalist)       Turns: 3003, Time: 00:08:08

HP:   0/24 (30)     AC:  2    Str:  8    XL:     4   Next: 20%
MP:   3/7           EV: 13    Int: 16    God:
Gold: 71            SH:  0    Dex: 14    Spells: 1/8 levels left

rFire   . . .      SeeInvis .   (no weapon)
rCold   . . .      Faith    .   (no shield)
rNeg    . . .      Spirit   .   a - +0 robe
rPois   +          Reflect  .   (no helmet)
rElec   .          Harm     .   (no cloak)
rCorr   .          Rampage  .   (no gloves)
Will    .....                   (no boots)
Stlth   ++........              (no amulet)
HPRegen 0.08/turn               i - ring of poison resistance
MPRegen 0.10/turn               (no ring)

@: freezing walls, heavily drained
A: (nimble swimmer 2), mertail
a: no special abilities


You were on level 2 of the Dungeon.
You visited 1 branch of the dungeon, and saw 3 of its levels.

You collected 71 gold pieces.

Inventory:

Hand Weapons
 f - a +1 sling of freezing
Armour
 a - a +0 robe (worn)
 l - a scarf of harm
Jewellery
 i - a ring of poison resistance (left hand)
Scrolls
 e - a scroll of amnesia {unknown}
 h - a scroll of blinking {unknown}
 k - 2 scrolls of identify {unknown}
Potions
 b - 2 potions of magic
 c - a potion of lignification {unknown}
 d - a potion of curing {unknown}
 g - a potion of heal wounds {unknown}
 j - a potion of haste {unknown}


   Skills:
 + Level 0.1 Fighting
 + Level 3.6 Dodging
 + Level 2.5 Stealth
 + Level 2.5 Spellcasting
 + Level 5.2 Ice Magic


You had one spell level left.
You knew the following spells:

 Your Spells              Type           Power      Damage    Failure   Level
a - Freeze                Ice            72%        1d9       2%          1
b - Frozen Ramparts       Ice            36%        1d6       7%          3
c - Ozocubu's Armour      Ice            18%        N/A       7%          3

Your spell library contained the following spells:

 Spells                   Type           Power      Damage    Failure   Level
 Slow                     Hex            8%         N/A       21%         1
 Confusing Touch          Hex            2%         N/A       52%         3
 Vampiric Draining        Necr           2%         2d6       52%         3
 Hailstorm                Conj/Ice       10%        3d5       54%         4


Dungeon Overview and Level Annotations

Branches:
Dungeon (3/15)

Altars:
Elyvilon

Annotations:
D:2 Jessica


Innate Abilities, Weirdness & Mutations

((You are very nimble when in or above water. (Stealth+, EV+, Speed+++)))
Your lower body shifts to a powerful aquatic tail in water.


Message History

Jessica attacks as you move away!
Jessica hits you with a +2 dagger of draining.
You feel drained.
You barely miss Jessica.
Jessica points at you and mumbles some strange words.
Pain shoots through your body! Jessica closely misses you.
There is a stone staircase leading up here.
Jessica hits you with a +2 dagger of draining.
You feel drained.
You climb upwards.
There is a stone staircase leading down here.
Things that are here:
5 stones; a +0 short sword
Casting: Freeze (safe; 2% risk of failure)
Confirm with . or Enter, or press ? or * to list all spells.
The spell is quite dangerous to miscast (7% risk of failure)!
Continue anyway?
Okay, then.
Casting: Frozen Ramparts (quite dangerous; 7% risk of failure)
Confirm with . or Enter, or press ? or * to list all spells.
The spell is quite dangerous to miscast (7% risk of failure)!
Continue anyway?
Casting: Frozen Ramparts (quite dangerous; 7% risk of failure)
Press: ? - help, Dir - look around, f - activate A stone staircase leading down.
The walls around you are covered in ice.
Jessica resists.
The wall freezes Jessica.
Jessica hits you with a +2 dagger of draining.
You feel drained.
Casting: Frozen Ramparts (quite dangerous; 7% risk of failure)
Confirm with . or Enter, or press ? or * to list all spells.
Aiming: Freeze (safe; 2% risk of failure)
Press: ? - help, Shift-Dir - straight line, f - Jessica
Aim: Jessica, wielding a +2 dagger of draining and wearing a +2 robe of resistance (lightly wounded)
You freeze Jessica.
Jessica resists.
Jessica is moderately wounded.
The wall freezes Jessica but does no damage.
Jessica hits you with a +2 dagger of draining!
* * * LOW HITPOINT WARNING * * *
You feel drained.
You die...

..........#.# ##.#####.#
###..#.##...####........#
#..#............#######
#....###.#####.## #.##.# #.# #.#
#.##.###.# #.# #.##.##..# #.####
##.##.#.#.# #....## ###
#.....##.## ##@....## #..
#.........####@......## #.#
#.######..#...........# #.# #.#
#..#[##.......># ##.# #.#
#..#.###.....#.# #... #.# #..#.#
##..^##.#######..# #.# #..#.#
##............#.# ##.# #..#.#
#####..........#
.#.######..#.################.#..


You could see Jessica.

Vanquished Creatures
  2 adders (D:2)
  4 ball pythons
  2 bats
  5 endoplasms
  3 giant cockroaches
  5 goblins (D:1)
  5 hobgoblins
  3 jackals (D:1)
  2 quokkas
  3 frilled lizards
  4 kobolds
  9 rats
47 creatures vanquished.

Notes
Turn   | Place    | Note
-------+----------+-------------------------------------------
     0 | D:1      | malesh the Merfolk Ice Elementalist began the quest for the
                  | Orb.
     0 | D:1      | Reached XP level 1. HP: 13/13 MP: 3/3
    75 | D:1      | Found a faded altar of an unknown god.
   452 | D:1      | Reached XP level 2. HP: 19/19 MP: 1/5
   736 | D:1      | Reached skill level 5 in Ice Magic
  1117 | D:1      | Reached XP level 3. HP: 24/24 MP: 4/6
  1179 | D:1      | Learned a level 3 spell: Frozen Ramparts
  2209 | D:2      | Found a white marble altar of Elyvilon.
  2364 | D:2      | Identified the +0 chain mail "Panoroce" {-Cast Rampage rF+
                  | Will+}
  2749 | D:2      | Reached XP level 4. HP: 30/30 MP: 4/7
  2902 | D:3      | Noticed Jessica
  2939 | D:2      | Learned a level 3 spell: Ozocubu's Armour
  3003 | D:2      | Slain by Jessica

Illustrated notes

Levels and vault maps discovered:
D:1:      dpeg_cavernosity, layout_loops_corners,
          shapermc_ecumenical_altar_starsandcircs, palyth_stone_intersect
D:2:      layout_loops_ring, basic_altar
D:3:      wander_river, layout_basic, uniq_sigmund, uniq_ijyb, uniq_jessica

Skill      XL: |  1  2  3 |
---------------+----------+-----
Ice Magic      | 5 |  5.2
Dodging        | 3 |  3.6
Fighting       | |  0.1
Stealth        | |  2.5
Spellcasting   | |  2.5

Action                   |  1- 3 |  4- 6 || total
-------------------------+-------+-------++-------
Melee: Unarmed           |    29 |     2 ||    31
 Cast: Freeze            |    62 |     4 ||    66
       Frozen Ramparts   |     2 |     2 ||     4
 Stab: Sleeping          |     7 |     1 ||     8
Armor: Robe              |    15 |       ||    15
Dodge: Dodged            |    48 |     4 ||    52
